 Dungeon Crawl Stone Soup version 0.19-a0-1170-g18f0c96 (webtiles) character file.

194 Lindan9 the Skirmisher (level 5, -2/42 HPs)
             Began as a Demonspawn Abyssal Knight on Aug 17, 2016.
             Was a Believer of Lugonu.
             Slain by fantismo's ghost (5 damage)
             ... on level 3 of the Dungeon.
             The game lasted 00:12:43 (2560 turns).

Lindan9 the Skirmisher (Demonspawn Abyssal Knight)  Turns: 2560, Time: 00:12:43

Health: -2/42      AC: 13    Str: 14    XL:     5   Next: 44%
Magic:  7/7        EV: 11    Int: 13    God:    Lugonu [**....]
Gold:   135        SH:  4    Dex: 12    Spells: 0 memorised, 4 levels left

rFire  . . .     SeeInvis .     a - +1 hand axe
rCold  + . .     Gourm    .     e - +4 ring mail
rNeg   . . .     Faith    .     (no shield)
rPois  .         Spirit   .     (no helmet)
rElec  .         Dismiss  .     g - +1 cloak
rCorr  .         Reflect  +     k - +0 pair of gloves
MR     .....     Harm     .     (no boots)
Stlth  +.........               j - +4 amulet of reflection
                                (no ring)
                                (no ring)

@: no status effects
A: talons 1, cold resistance 1
a: Depart the Abyss, Bend Space, Renounce Religion


You were on level 3 of the Dungeon.
You worshipped Lugonu.
Lugonu was pleased with you.
You were not hungry.

You visited 1 branch of the dungeon, and saw 3 of its levels.
You visited the Abyss 1 time.

You collected 135 gold pieces.

Inventory:

Hand Weapons
 a - a +1 hand axe (weapon)
 r - a +2 flail of pain
 s - a +0 vampiric hand axe
Armour
 e - a +4 ring mail (worn)
 g - a +1 cloak (worn)
 k - a +0 pair of gloves (worn)
Jewellery
 j - a +4 amulet of reflection (around neck)
Wands
 f - a wand of digging (15/24)
 p - a wand of flame (19/48)
Scrolls
 d - 3 scrolls of noise
 i - a scroll of identify
Potions
 b - 2 potions of flight {unknown}
 h - a potion of resistance {unknown}
 l - a potion of lignification {unknown}
 q - a potion of degeneration {unknown}
Comestibles
 c - a slice of pizza
 m - a meat ration


   Skills:
 + Level 3.9 Fighting
 + Level 2.5 Axes
 + Level 3.3 Armour
 + Level 2.4 Dodging
 + Level 0.2 Stealth
 + Level 2.7 Invocations


You had 4 spell levels left.
You didn't know any spells.

Dungeon Overview and Level Annotations

Branches:
Dungeon (3/15)

Altars:
Hepliaklqana

Annotations:
D:3 fantismo's ghost, amateur TrMo


Innate Abilities, Weirdness & Mutations

You have sharp toenails.
Your flesh is cold resistant. (rC+)


Message History

Your kick misses fantismo's ghost.
Fantismo's ghost is heavily damaged.
You block fantismo's ghost's attack.
You hit fantismo's ghost but do no damage.
You claw fantismo's ghost, but do no damage.
Fantismo's ghost is heavily damaged.
Fantismo's ghost hits you but does no damage.
You hit fantismo's ghost.
Fantismo's ghost is heavily damaged.
Fantismo's ghost hits you but does no damage.
You hit fantismo's ghost.
You claw fantismo's ghost, but do no damage.
Fantismo's ghost is heavily damaged.
You block fantismo's ghost's attack.
You closely miss fantismo's ghost.
You claw fantismo's ghost, but do no damage.
Fantismo's ghost is heavily damaged.
Fantismo's ghost hits you but does no damage.
Fantismo's ghost hits you.
You die...

#################
##.>...........[.#
........)....#.#.#
####.####.####.#.#.#########
...#.###...###.............#
##.#........####W########..#
#.#..##....# #@# #..######
#.#..###.#.# #.# #........
#.#..##..#.# #.# #......##
#....##.##.# #.# ##.......#
###.###.##.# #.# ##.........
#.# #.##.####.## #..........
#)#
#.##.......#####...(......
#.#
#.###.............)......#
####.#
#.###.###......<)##.....##


You could see fantismo's ghost.

Vanquished Creatures
  An orc wizard (D:3)
  Ijyb (D:3)
  4 adders
  5 oozes
  A worm (D:2)
  3 dart slugs (D:2)
  4 giant geckos
  4 orcs (D:3)
  A ball python (D:3)
  6 giant cockroaches
  4 goblins
  4 hobgoblins
  3 jackals (D:3)
  A quokka (D:2)
  9 bats
  3 giant newts (D:2)
  11 kobolds
  6 rats
71 creatures vanquished.

Notes
Turn   | Place    | Note
-------+----------+-------------------------------------------
     0 | Abyss:1  | Lindan9 the Demonspawn Abyssal Knight began the quest for the Orb.
     0 | Abyss:1  | Reached XP level 1. HP: 18/18 MP: 2/2
    65 | Abyss:1  | Noticed a wraith
    76 | D:1      | Escaped the Abyss
   100 | D:1      | Reached * piety under Lugonu
   164 | D:1      | Gained mutation: You have sharp toenails. [demonic ancestry]
   164 | D:1      | Reached XP level 2. HP: 24/24 MP: 3/3
   693 | D:2      | Gained mutation: Your flesh is cold resistant. (rC+) [demonic ancestry]
   693 | D:2      | Reached XP level 3. HP: 25/29 MP: 5/5
  1555 | D:2      | Reached skill level 1 in Dodging
  1609 | D:2      | Reached XP level 4. HP: 19/37 MP: 6/6
  1613 | D:2      | Reached ** piety under Lugonu
  1987 | D:2      | Found a hazy altar of Hepliaklqana.
  2200 | D:3      | Noticed Ijyb
  2209 | D:3      | Killed Ijyb
  2243 | D:3      | Reached XP level 5. HP: 40/42 MP: 7/7
  2506 | D:3      | Noticed fantismo's ghost (amateur TrMo)
  2554 | D:3      | HP: 2/42 [fantismo's ghost (6)]
  2560 | D:3      | Slain by fantismo's ghost

Vault maps used:
D:1:      saegor_arrival_simple_d, serial_bayou, serial_bayou_lagoon_a,
          serial_bayou_ford_a, serial_bayou_pond_b, serial_bayou_shore_b,
          item_on_display_a
D:2:      nicolae_overflow_crystal_walls
D:3:      first_bread, uniq_iyjb

Skill      XL: |  1  2  3  4  5 |
---------------+----------------+-----
Axes           | 2 |  2.5
Armour         | 2 3 |  3.3
Dodging        | 1 2 |  2.4
Fighting       | |  3.9
Stealth        | |  0.2
Invocations    | |  2.7

Action                   |  1- 3 |  4- 6 || total
-------------------------+-------+-------++-------
Melee: Hand axe          |   148 |   175 ||   323
       Kick              |    28 |    52 ||    80
Invok: Depart the Abyss  |     1 |       ||     1
Evoke: Wand              |       |     2 ||     2
  Use: Scroll            |       |     9 ||     9
  Eat: Bread ration      |     1 |     1 ||     2
Armor: Leather armour    |    10 |       ||    10
       Ring mail         |    46 |    91 ||   137
Dodge: Dodged            |    93 |    83 ||   176
Block: Other             |       |    39 ||    39
